 Dungeon Crawl Stone Soup version 0.29-a0-1009-g60c99734e7 (webtiles) character file.

Game seed: 5346176246623410710

43 Manisian the Sneak (level 3, -14/16 HPs)
             Began as a Spriggan Enchanter on Aug 8, 2022.
             Demolished by a gnoll
             ... wielding a +0 halberd
              (16 damage)
             ... on level 2 of the Dungeon.
             The game lasted 00:04:00 (1726 turns).

Manisian the Sneak (Spriggan Enchanter)             Turns: 1726, Time: 00:04:01

Health: -14/16     AC:  3    Str:  4    XL:     3   Next: 37%
Magic:  1/8        EV: 17    Int: 16    God:
Gold:   92         SH:  0    Dex: 17    Spells: 3/8 levels left

rFire   . . .      SeeInvis +   a - +1 dagger
rCold   . . .      Faith    .   (no shield)
rNeg    . . .      Spirit   .   b - +0 robe
rPois   .          Reflect  .   (helmet restricted)
rElec   .          Harm     .   e - +0 cloak
rCorr   .          Rampage  .   (gloves unavailable)
Will    .....                   (boots unavailable)
Stlth   +++.......              (no amulet)
HPRegen 0.05/turn               (no ring)
MPRegen 0.11/turn               (no ring)

@: very quick
A: very small, no large weapons, unfitting armour, see invisible, speed 3
a: no special abilities


You were on level 2 of the Dungeon.
You visited 1 branch of the dungeon, and saw 2 of its levels.

You collected 92 gold pieces.

Inventory:

Hand Weapons
 a - a +1 dagger (weapon)
Armour
 b - a +0 robe (worn)
 e - a +0 cloak (worn)
Scrolls
 g - a scroll of identify
 j - a scroll of immolation {unknown}
 k - a scroll of acquirement {unknown}
 l - a scroll of teleportation {unknown}
 m - a scroll of fear {unknown}
Potions
 c - 2 potions of invisibility
 d - 5 potions of curing
 f - 2 potions of cancellation
 h - 2 potions of attraction {unknown}
 i - a potion of lignification {unknown}
 n - a potion of resistance {unknown}


   Skills:
 + Level 1.4 Short Blades
 + Level 2.7 Dodging
 * Level 5.4 Stealth
 + Level 3.2 Spellcasting
 + Level 4.0 Hexes
 + Level 0.6 Ice Magic


You had 3 spell levels left.
You knew the following spells:

 Your Spells              Type           Power      Damage    Failure   Level
a - Ensorcelled Hibernat  Hex/Ice        20%        N/A       11%         2
b - Confusing Touch       Hex            15%        N/A       11%         3

Your spell library contained the following spells:

 Spells                   Type           Power      Damage    Failure   Level
 Tukima's Dance           Hex            15%        N/A       11%         3
 Dazzling Flash           Conj/Hex       18%        N/A       24%         3
 Yara's Violent Unravell  Hex/Tmut       4%         3d4       92%         5
 Enfeeble                 Hex            7%         N/A       100%        7


Dungeon Overview and Level Annotations

Branches:
Dungeon (2/15)

Altars:


Innate Abilities, Weirdness & Mutations

You are very small and have problems with some larger weapons.
You are too small for most types of armour.
You have supernaturally acute eyesight. (SInv)
You cover ground extremely quickly. (Speed+++)


Message History

A gnoll comes into view. It is wielding a +1 vampiric spear.
Casting: Ensorcelled Hibernation (safe; 11% risk of failure)
Confirm with . or Enter, or press ? or * to list all spells.
Aiming: Ensorcelled Hibernation (safe; 11% risk of failure)
Press: ? - help, Shift-Dir - straight line, f - gnoll
Aim: a gnoll, wielding a +0 spear (chance to affect: 52%)
The gnoll resists with significant effort.
The gnoll shouts!
A gnoll comes into view. It is wielding a +0 halberd.
Casting: Ensorcelled Hibernation (safe; 11% risk of failure)
Confirm with . or Enter, or press ? or * to list all spells.
Aiming: Ensorcelled Hibernation (safe; 11% risk of failure)
Press: ? - help, Shift-Dir - straight line, f/p - gnoll
Aim: a gnoll, wielding a +0 spear (chance to affect: 52%)
Okay, then.
Casting: Ensorcelled Hibernation (safe; 11% risk of failure)
Confirm with . or Enter, or press ? or * to list all spells.
Aiming: Ensorcelled Hibernation (safe; 11% risk of failure)
Press: ? - help, Shift-Dir - straight line, f/p - gnoll
Aim: a gnoll, wielding a +0 spear (chance to affect: 52%)
The gnoll resists with significant effort.
The gnoll shouts!
The teleport trap disappears.
The gnoll disappears!
The gnoll closely misses you.
You hit the gnoll but do no damage. The gnoll closely misses you.
Casting: Ensorcelled Hibernation (safe; 11% risk of failure)
Confirm with . or Enter, or press ? or * to list all spells.
The spell is extremely dangerous to miscast (11% risk of failure)!
Continue anyway? [Y]es or [N]o only, please.
The spell is extremely dangerous to miscast (11% risk of failure)!
Continue anyway?
Your hands begin to glow red.
The gnoll completely misses you.
The gnoll hits you from afar with a +0 halberd.
You hit the gnoll but do no damage.
The gnoll appears confused.
The gnoll closely misses you.
The gnoll barely misses itself.
The gnoll hits you from afar with a +0 halberd!
Ouch! That really hurt!
* * * LOW HITPOINT WARNING * * *
The gnoll hits you from afar with a +0 halberd!
Ouch! That really hurt!
You die...

##### . #...##### ..
##......### ...
#.........###### .. .
##..............#.#...
##...##.##....##.......
#..#.##.#####..@gg........J..#
##.##.##.# ##...g............
. #..##.##.####
#......#........##.
..###....#...
..##..#####........
######..##.# ##..
.....#.....)..# ...........#
#### ...#..........#
####......# ... #...#........#
# #......##.# #.#..........# #
#.........#######.###.........


You could see 3 gnolls.

Vanquished Creatures
  2 adders (D:2)
  A bat (D:2)
  3 endoplasms
  A giant cockroach (D:1)
  4 goblins
  4 hobgoblins
  A quokka (D:2)
  2 frilled lizards (D:1)
  3 kobolds
  3 rats
24 creatures vanquished.

Notes
Turn   | Place    | Note
-------+----------+-------------------------------------------
     0 | D:1      | Manisian the Spriggan Enchanter began the quest for the
                  | Orb.
     0 | D:1      | Reached XP level 1. HP: 9/9 MP: 5/5
     1 | D:1      | Noticed an electric eel
   323 | D:1      | Reached XP level 2. HP: 13/13 MP: 7/7
   326 | D:1      | Learned a level 2 spell: Ensorcelled Hibernation
   465 | D:1      | Found a faded altar of an unknown god.
  1165 | D:2      | Reached skill level 5 in Stealth
  1371 | D:2      | Reached XP level 3. HP: 16/16 MP: 3/8
  1375 | D:2      | Learned a level 3 spell: Confusing Touch
  1726 | D:2      | Demolished by a gnoll

Illustrated notes

Levels and vault maps discovered:
D:1:      arrival_aquarium_a, layout_basic, serial_rivers,
          chequers_serial_rivers_micro_d, chequers_serial_rivers_micro_c,
          chequers_serial_rivers_micro_b, chequers_serial_rivers_micro_b,
          chequers_serial_rivers_room_a, chequers_ecumenical_altar_simple
D:2:      layout_rooms, uniq_crazy_yiuf_cottage

Skill      XL: |  1  2 |
---------------+-------+-----
Spellcasting   | 3 |  3.2
Stealth        | 5 |  5.4
Hexes          | 4 |  4.0
Short Blades   | |  1.4
Dodging        | |  2.7
Ice Magic      | |  0.6

Action                   || total
-------------------------++-------
Melee: Dagger            ||    63
       Punch             ||     2
 Cast: Ensorcelled Hiber ||    21
       Confusing Touch   ||     1
  Use: Scroll            ||     2
       Potion            ||     1
 Stab: Sleeping          ||    11
Armor: Robe              ||     8
Dodge: Dodged            ||    30

Table legend: (Time is in decaauts)
 A = Elapsed time spent in this place.
 B = Non-inter-level travel time spent in this place.
 C = Inter-level travel time spent in this place.
 D = Time resting spent in this place.
 E = Time spent auto-exploring this place.
 F = Levels seen in this place.
 G = Mean time per level.
                   A        B        C        D        E       F      G
               +--------+--------+--------+--------+--------+-----+--------+
         Total |   1285 |   1269 |     16 |     62 |    948 |   2 |  642.5 |
       Dungeon |   1285 |   1269 |     16 |     62 |    948 |   2 |  642.5 |
               +--------+--------+--------+--------+--------+-----+--------+

Top non-repeatable levels by time:
     D:1: 790 daAuts
     D:2: 494 daAuts
